 Dungeon Crawl Stone Soup version 0.30-a0-672-gc3a7216ad8 (webtiles) character file.

Game seed: 1555041051297617595

68 wormed the Insei (level 4, -1/29 HPs)
             Began as an Octopode Transmuter on Jan 18, 2023.
             Slain by Natasha (5 damage)
             ... on level 1 of the Dungeon.
             The game lasted 00:01:28 (871 turns).

wormed the Insei (Octopode Transmuter)               Turns: 871, Time: 00:01:29

Health: -1/29      AC:  1    Str:  9    XL:     4   Next: 19%
Magic:  5/7        EV: 13    Int: 23    God:
Gold:   52         SH:  0    Dex: 12    Spells: 4/7 levels left

rFire   . . .      SeeInvis .      - Unarmed
rCold   . . .      Faith    .    (no shield)
rNeg    . . .      Spirit   .    (helmet currently unavailable)
rPois   .          Reflect  .    (no amulet)
rElec   .          Harm     .    b - +6 ring of intelligence
rCorr   .          Rampage  .    (no ring)
Will    .....                    (no ring)
Stlth   ++                       (no ring)
HPRegen 0.24/turn                (no ring)
MPRegen 0.10/turn                (no ring)
                                 (no ring)
                                 (no ring)

@: appendages, wereblooded, slowed, very slow
A: tentacle spike 3, almost no armour, amphibious, 8 rings, camouflage 1,
gelatinous body 1, (nimble swimmer 1), tentacles
a: End Transformation


You were on level 1 of the Dungeon.
One of your tentacles had grown a beastly spike.
You visited 1 branch of the dungeon, and saw 2 of its levels.

You collected 52 gold pieces.

Inventory:

Jewellery
 b - a +6 ring of intelligence (left tentacle)
Potions
 a - a potion of lignification


   Skills:
 + Level 1.7 Fighting
 + Level 2.4 Dodging
 + Level 3.2 Unarmed Combat
 + Level 2.2 Spellcasting
 * Level 3.0 Transmutations
 + Level 1.0 Ice Magic


You had 4 spell levels left.
You knew the following spells:

 Your Spells              Type           Power      Damage    Failure   Level
a - Beastly Appendage     Tmut           32%        N/A       3%          1
b - Wereblood             Tmut           16%        N/A       5%          2

Your spell library contained the following spells:

 Spells                   Type           Power      Damage    Failure   Level
 Shock                    Conj/Air       8%         1d3       13%         1
 Spider Form              Tmut/Pois      9%         N/A       21%         3
 Swiftness                Air            2%         N/A       36%         3
 Ice Form                 Ice/Tmut       11%        N/A       47%         4
 Airstrike                Air            1%         2d(1-17)  77%         4


Dungeon Overview and Level Annotations

Branches:
Dungeon (2/15)

Altars:

Annotations:
D:1 Natasha
D:2 Terence


Innate Abilities, Weirdness & Mutations

One of your tentacles has grown a beastly spike.
You cannot wear most types of armour.
You are amphibious.
You can wear up to eight rings at the same time.
Your skin changes colour to match your surroundings (Stealth+).
Your rubbery body absorbs attacks. (AC +1, EV +1)
((You are camouflaged when in or above water. (Stealth+)))
You have tentacles for arms and can constrict up to eight enemies at once.


Message History

Anything else - Cancel.
You shout for attention!
Natasha, Servant of Life and Death comes into view.
Natasha howls an incantation.
Natasha shimmers violently.
Casting: Wereblood (safe; 5% risk of failure)
Confirm with . or Enter, or press ? or * to list all spells.
One of your tentacles grows a vicious spike.
Casting: Beastly Appendage (safe; 3% risk of failure)
Confirm with . or Enter, or press ? or * to list all spells.
Your blood is infused with primal strength.
You tentacle-slap Natasha. Your grab misses Natasha.
Your tentacle spike misses Natasha.
Natasha is lightly wounded.
Natasha claws you!
You barely miss Natasha. Your grab misses Natasha.
You pierce Natasha.
Natasha is heavily wounded.
Natasha casts a spell at you.
You feel yourself slow down.
You tentacle-slap Natasha. Your grab misses Natasha.
Natasha is severely wounded.
Natasha barely misses you.
You tentacle-slap Natasha but do no damage.
Your grab misses Natasha.
Your tentacle spike misses Natasha.
Your tentacle-slap misses Natasha.
Natasha is severely wounded.
Natasha claws you. Natasha claws you!
* * * LOW HITPOINT WARNING * * *
You barely miss Natasha. You grab Natasha.
You squeeze Natasha, but do no damage.
Natasha is severely wounded.
You constrict Natasha.
Natasha growls.
Natasha claws you.
* * * LOW HITPOINT WARNING * * *
You tentacle-slap Natasha.
Natasha is almost dead.
You constrict Natasha, but do no damage.
Natasha claws you.
You die...

.........##...............#......
........###........######.#######
......#............# ### ##..
...........#.......# ####..#
.............#.....## #####......
......##.[##...#....###.....##.##
........#.####...#...#..........#
..........######..#.............#
...........##...@h.(............#
.....)..........................#
................................#
....#....##.....................#
#####....###.........#......(...#
# #....# ##...................# #
#....# #........#..........#
###### #........#####..##...
#........# ########


You could see Natasha.

Vanquished Creatures
  Natasha (D:1)
  4 ball pythons
  A bat (D:1)
  3 endoplasms (D:1)
  5 giant cockroaches (D:1)
  2 goblins (D:1)
  7 hobgoblins (D:1)
  2 quokkas (D:1)
  4 frilled lizards (D:1)
  4 kobolds (D:1)
  4 rats (D:1)
37 creatures vanquished.

Notes
Turn   | Place    | Note
-------+----------+-------------------------------------------
     0 | D:1      | wormed the Octopode Transmuter began the quest for the Orb.
     0 | D:1      | Reached XP level 1. HP: 13/13 MP: 3/3
   134 | D:1      | Reached XP level 2. HP: 18/18 MP: 3/5
   395 | D:1      | Reached XP level 3. HP: 19/23 MP: 6/6
   464 | D:1      | Learned a level 2 spell: Wereblood
   688 | D:2      | Noticed Natasha
   688 | D:2      | Noticed Terence
   756 | D:1      | Killed Natasha
   757 | D:1      | Reached skill level 1 in Ice Magic
   757 | D:1      | Reached XP level 4. HP: 10/29 MP: 4/7
   862 | D:1      | Noticed Natasha
   871 | D:1      | Slain by Natasha

Illustrated notes

Levels and vault maps discovered:
D:1:      lemuel_arrival_hallway, layout_rooms, grunt_decor_cap,
          minmay_pentomino_q4
D:2:      layout_rooms, bh_walls_and_bars, uniq_natasha, uniq_terence

Skill      XL: |  1  2  3 |
---------------+----------+-----
Transmutations | 3 |  3.0
Ice Magic      | 1 |  1.0
Fighting       | |  1.7
Dodging        | |  2.4
Unarmed Combat | |  3.2
Spellcasting   | |  2.2

Action                   |  1- 3 |  4- 6 || total
-------------------------+-------+-------++-------
Melee: Unarmed           |    68 |     6 ||    74
       Constrict         |    24 |     1 ||    25
       Kick              |    26 |     1 ||    27
       Tentacles         |    13 |     1 ||    14
       Punch             |     2 |       ||     2
 Cast: Beastly Appendage |    19 |     1 ||    20
       Wereblood         |     5 |     1 ||     6
 Stab: Distracted        |     1 |       ||     1
       Sleeping          |     1 |       ||     1
Armor: Skin              |     5 |       ||     5
Dodge: Dodged            |    43 |     1 ||    44

Table legend: (Time is in decaauts)
 A = Elapsed time spent in this place.
 B = Non-inter-level travel time spent in this place.
 C = Inter-level travel time spent in this place.
 D = Time resting spent in this place.
 E = Time spent auto-exploring this place.
 F = Levels seen in this place.
 G = Mean time per level.
                   A        B        C        D        E       F      G
               +--------+--------+--------+--------+--------+-----+--------+
         Total |    874 |    778 |     96 |      0 |    573 |   2 |  437.0 |
       Dungeon |    874 |    778 |     96 |      0 |    573 |   2 |  437.0 |
               +--------+--------+--------+--------+--------+-----+--------+

Top non-repeatable levels by time:
     D:1: 860 daAuts
     D:2: 14 daAuts
